 Dungeon Crawl Stone Soup version 0.22.1-1-ga44c0e56f4 (webtiles) character file.

450 Kaderl the Slasher (level 7, 0/60 HPs)
             Began as a Hill Orc Fighter on Oct 12, 2018.
             Succumbed to a crimson imp's poison
             ... on level 4 of the Dungeon.
             The game lasted 00:07:51 (2945 turns).

Kaderl the Slasher (Hill Orc Fighter)               Turns: 2945, Time: 00:07:51

Health: 0/60       AC: 10    Str: 21    XL:     7   Next: 4%
Magic:  7/7        EV:  8    Int:  8    God:
Gold:   241        SH:  9    Dex: 10    Spells: 6/6 levels left

rFire    . . .     SeeInvis .   a - +0 long sword
rCold    . . .     Gourm    .   c - +0 shield
rNeg     . . .     Faith    .   p - +0 scale mail
rPois    .         Spirit   .   e - +1 helmet
rElec    .         Reflect  .   g - +0 cloak
rCorr    .         Harm     .   (no gloves)
MR       .....                  (no boots)
Stlth    ..........             (no amulet)
HPRegen  0.20/turn              (no ring)
MPRegen  0.10/turn              (no ring)

@: lethally poisoned (0 -> -3)
A: no striking features
a: no special abilities


You were on level 4 of the Dungeon.
You were not hungry.

You visited 1 branch of the dungeon, and saw 5 of its levels.

You collected 241 gold pieces.

Inventory:

Hand Weapons
 a - a +0 long sword (weapon)
Armour
 c - a +0 shield (worn)
 e - a +1 helmet (worn)
 g - a +0 cloak (worn)
 p - a +0 scale mail (worn)
Jewellery
 l - a cursed amulet of inaccuracy {unknown}
Scrolls
 b - a scroll of identify
 o - a scroll of enchant weapon {unknown}
 q - 5 scrolls of magic mapping {unknown}
Potions
 d - a potion of might
 h - 2 potions of curing
 i - 4 potions of heal wounds {unknown}
 j - 2 potions of degeneration {unknown}
 k - a potion of resistance {unknown}
 m - 2 potions of brilliance {unknown}
 r - 2 potions of mutation {unknown}
Comestibles
 f - 3 rations


   Skills:
 + Level 4.7 Fighting
 + Level 5.1 Long Blades
 + Level 4.8 Armour
 + Level 1.2 Dodging
 + Level 0.3 Stealth
 + Level 4.8 Shields


You had 6 spell levels left.
You didn't know any spells.
Your spell library was empty.

Dungeon Overview and Level Annotations

Branches:
Dungeon (5/15)
 Temple: D:4-7

Altars:
Dithmenos
Kikubaaqudgha
Xom
The Shining One


Message History

You barely miss the crimson imp. You block the crimson imp's attack.
The gnoll hits you but does no damage.
The crimson imp blinks!
Your shield and scale mail prevent you from hitting the crimson imp.
The crimson imp hits you with a dagger of chaos.
* * * LOW HITPOINT WARNING * * *
You are poisoned.
The gnoll hits you but does no damage. You block the crimson imp's attack.
You slash the crimson imp!
The crimson imp is severely wounded.
You feel sick.
The gnoll hits you from afar with a spear!
* * * LOW HITPOINT WARNING * * *
The crimson imp blinks!
You feel sick. The gnoll hits you but does no damage.
You feel sick. The gnoll hits you but does no damage.
The crimson imp blinks!
You see here a whip.
The gnoll hits you with a spear.
* * * LOW HITPOINT WARNING * * *
You closely miss the gnoll.
You die...

######...###
...........
#......# #.....#
##(#.## #5# #
#.# #+# #g#
#.### #@# #..†.
#)# ##.### ##.##
##..# # ##...##
#...###
##.###.##
##..... #.##
##.#########.#.#
#.#
#.........#>#.#
#.##
##.##.####.....#
##.###.###.##
###.###


You could see a gnoll and a crimson imp.

Vanquished Creatures
  A hound (D:4)
  Crazy Yiuf (D:2)
  2 orc priests (D:5)
  A gnoll shaman (D:4)
  3 orc wizards (D:5)
  4 adders
  8 gnolls (D:4)
  An adder skeleton (D:4)
  2 worms (D:3)
  4 dart slugs
  3 leopard geckos
  6 orcs
  A bat zombie (D:4)
  4 giant cockroaches
  5 goblins
  7 hobgoblins
  8 jackals
  11 bats
  5 frilled lizards
  6 kobolds
  A leopard gecko skeleton (D:4)
  A quokka skeleton (D:5)
  9 rats
  4 rat zombies (D:4)
98 creatures vanquished.

Notes
Turn   | Place    | Note
-------+----------+-------------------------------------------
     0 | D:1      | Kaderl the Hill Orc Fighter began the quest for the Orb.
     0 | D:1      | Reached XP level 1. HP: 19/19 MP: 1/1
    80 | D:1      | Reached XP level 2. HP: 17/27 MP: 2/2
   314 | D:1      | Reached XP level 3. HP: 27/33 MP: 3/3
   786 | D:2      | Reached skill level 3 in Long Blades
   786 | D:2      | Reached XP level 4. HP: 32/40 MP: 4/4
   805 | D:2      | Found a glowing golden altar of the Shining One.
   927 | D:2      | Found a runed door.
   932 | D:2      | Noticed Crazy Yiuf
   943 | D:2      | Killed Crazy Yiuf
  1405 | D:3      | Found a shadowy altar of Dithmenos.
  1457 | D:3      | Reached XP level 5. HP: 47/47 MP: 5/5
  2158 | D:3      | You fall through a shaft for 2 floors!
  2158 | D:5      | Entered Level 5 of the Dungeon
  2302 | D:5      | Reached skill level 4 in Long Blades
  2349 | D:5      | Reached skill level 1 in Dodging
  2349 | D:5      | Reached XP level 6. HP: 53/53 MP: 6/6
  2438 | D:4      | HP: 2/53 [gnoll/halberd (8)]
  2439 | D:4      | Reached skill level 5 in Long Blades
  2786 | D:4      | Found an ancient bone altar of Kikubaaqudgha.
  2865 | D:4      | Found a shimmering altar of Xom.
  2926 | D:4      | Reached XP level 7. HP: 28/60 MP: 7/7
  2944 | D:4      | HP: 1/60 [gnoll/spear (5)]
  2945 | D:4      | Succumbed to a crimson imp's poison

Skill      XL: |  1  2  3  4  5  6 |
---------------+-------------------+-----
Fighting       | 4 |  4.7
Shields        | 4 |  4.8
Long Blades    | 3 4 5 |  5.1
Armour         | 4 |  4.8
Dodging        | 1 |  1.2
Stealth        | |  0.3

Action                   |  1- 3 |  4- 6 |  7- 9 || total
-------------------------+-------+-------+-------++-------
Melee: Long sword        |   126 |   205 |    10 ||   341
  Use: Scroll            |       |     6 |       ||     6
       Potion            |       |     1 |       ||     1
  Eat: Ration            |       |     3 |       ||     3
Armor: Scale mail        |    65 |   135 |     7 ||   207
Dodge: Dodged            |    55 |    90 |     1 ||   146
Block: Shield            |    76 |   116 |     7 ||   199
       Rpst.: Long sword |    17 |    26 |       ||    43
